 Dungeon Crawl Stone Soup version 0.16.0-14-g63f578d (console) character file.

218 gw the Magician (level 5, -4/38 HPs)
             Began as a Mummy Ice Elementalist on Mar 19, 2015.
             Was an Initiate of Nemelex Xobeh.
             Killed from afar by an orc wizard (7 damage)
             ... with a puff of flame
             ... on level 3 of the Dungeon.
             The game lasted 00:03:03 (4522 turns).

gw the Magician (Mummy Ice Elementalist)            Turns: 4522, Time: 00:03:03

Health: -4/38      AC:  5    Str: 11    XL:     5   Next: 63%
Magic:  4/11       EV: 11    Int: 15    God:    Nemelex Xobeh [......]
Gold:   128        SH:  0    Dex: 12    Spells: 4 memorised, 0 levels left

rFire  x . .     SeeInvis .     b - +0 mace
rCold  + . .     Clarity  .     c - +0 leather armour
rNeg   + + +     SustAb   .     (no shield)
rPois  ∞         Gourm    .     (no helmet)
rElec  .         Spirit   .     m - +1 cloak
rCorr  .         Warding  .     (no gloves)
rMut   .         Stasis   .     (no boots)
MR     .....                    (no amulet)
Stlth  +.........               (no ring)
                                (no ring)

@: very slightly contaminated, not resistant to hostile enchantments, very
unstealthy
A: no food or potions, fire vulnerability, restore body, cold resistance 1,
negative energy resistance 3, poison resistance, torment resistance, unbreathing
a: Renounce Religion


You were on level 3 of the Dungeon.
You worshipped Nemelex Xobeh.
Nemelex Xobeh was noncommittal.
You were not hungry.

You visited 1 branch of the dungeon, and saw 3 of its levels.

You collected 128 gold pieces.

Inventory:

Hand weapons
 b - a +0 mace (weapon)
Missiles
 e - 110 stones (quivered)
 l - 23 poisoned needles
Armour
 c - a +0 leather armour (worn)
 m - a +1 cloak (worn)
Scrolls
 h - a scroll of identify
Books
 d - a book of Frost

   Spells                             Type                      Level
   a - Freeze                         Ice                          1
   b - Throw Frost                    Conjuration/Ice              2
   c - Ozocubu's Armour               Charms/Ice                   3
   d - Throw Icicle                   Conjuration/Ice              4
   e - Summon Ice Beast               Ice/Summoning                4
   f - Condensation Shield            Ice                          4
Miscellaneous
 a - a plain deck of destruction
 f - a plain deck of changes


   Skills:
 + Level 1.7 Fighting
 + Level 1.7 Maces & Flails
 + Level 1.2 Armour
 - Level 1.5 Dodging
 - Level 1.5 Stealth
 + Level 3.3 Spellcasting
 - Level 0.7 Conjurations
 * Level 3.0 Ice Magic
 * Level 1.2 Evocations


You couldn't memorise any spells.
You knew the following spells:

 Your Spells              Type           Power        Failure   Level  Hunger
a - Freeze                Ice            ##..         10%         1    N/A
b - Throw Frost           Conj/Ice       #.....       21%         2    N/A
c - Ozocubu's Armour      Chrm/Ice       #.......     47%         3    N/A
d - Throw Icicle          Conj/Ice       #.......     95%         4    N/A

Dungeon Overview and Level Annotations

Branches:
Dungeon (3/15)

Altars:
Ashenzari
Elyvilon
Nemelex Xobeh


Innate Abilities, Weirdness & Mutations

You do not eat or drink.
Your flesh is vulnerable to fire.
Your flesh is cold resistant.
You are immune to negative energy.
Your system is resistant to poisons.
You are immune to unholy pain and torment.
You can survive without breathing.


Message History

You feel less confused.
The orc wizard casts a spell.
The orc wizard flickers and vanishes!
Deactivating autopickup; reactivate with Ctrl-A.
The orc hits you.
Unknown command.
Unknown command.
Unknown command.
Unknown command.
Casting: Freeze
Confirm with . or Enter, or press ? or * to list all spells.
Aiming: Freeze
Press: ? - help, Shift-Dir - straight line, f - orc
Aim: an orc You freeze the orc.
You kill the orc!
You hear some strange, mumbled words.
The puff of flame hits you! The fire burns you terribly!
You die...
Your body disappears without a glow.

#........# #..# ...
#........# #..#
...##...%....# #..#
........)....######..#
........))..%......#..#
##.....).........#..#
#...............#..#
#.......#.......#..#
###M{..(#..........#
#######..........#
#######..... #.....
#...## #..... #.###.
#.##.. #.##..


There were no monsters in sight!

Table legend:
 A = Turns spent in this place as a percentage of turns spent in the entire game.
 B = Non-inter-level travel turns spent in this place as a percentage of non-inter-level travel turns spent in the entire game.
 C = Inter-level travel turns spent in this place as a percentage of turns spent in this place.
 D = Turns resting spent in this place as a percentage of non-inter-level travel turns spent in this place.
 E = Turns spent auto-exploring this place as a percentage of non-inter-level travel turns spent in this place.
 F = Non-inter-level travel turns spent in this place divided by the number of levels of this place that you've seen.
                   A       B       C       D       E      F
               +-------+-------+-------+-------+-------+----------------------
         Total | 100.0 | 100.0 |   0.1 |   3.2 |   2.3 | 1755.0
       Dungeon | 100.0 | 100.0 |   0.1 |   3.2 |   2.3 | 1755.0
               +-------+-------+-------+-------+-------+----------------------

Table legend:
 A = Kills in this place as a percentage of kills in entire the game.
 B = Kills by you in this place as a percentage of kills by you in the entire game.
 C = Kills by friends in this place as a percentage of kills by friends in the entire game.
 D = Other kills in this place as a percentage of other kills in the entire game.
 E = Experience gained in this place as a percentage of experience gained in the entire game.
 F = Experience gained in this place divided by the number of levels of this place that you have seen.
                   A       B       C       D       E      F
               +-------+-------+-------+-------+-------+----------------------
         Total | 100.0 | 100.0 |  -nan |  -nan | 100.0 | 104.0
       Dungeon | 100.0 | 100.0 |  -nan |  -nan | 100.0 | 104.0
               +-------+-------+-------+-------+-------+----------------------

Vanquished Creatures
  Crazy Yiuf (D:2)
  An orc wizard (D:3)
  8 adders
  A worm (D:3)
  3 giant geckos (D:2)
  5 orcs (D:3)
  10 bats
  4 giant cockroaches (D:2)
  7 hobgoblins
  2 jackals (D:2)
  11 kobolds
  A ball python (D:2)
  5 giant newts
  11 goblins
  9 rats
79 creatures vanquished.

Vanquished Creatures (others)
  4 toadstools (D:1)
4 creatures vanquished.

Grand Total: 83 creatures vanquished

Notes
Turn   | Place    | Note
--------------------------------------------------------------
     0 | D:1      | gw, the Mummy Ice Elementalist, began the quest for the Orb.
     0 | D:1      | Reached XP level 1. HP: 13/13 MP: 3/3
   459 | D:1      | Reached XP level 2. HP: 14/20 MP: 0/4
   548 | D:1      | Learned a level 2 spell: Throw Frost
   865 | D:1      | Reached skill level 1 in Maces & Flails
  1431 | D:2      | Reached XP level 3. HP: 25/25 MP: 3/6
  1465 | D:2      | Learned a level 3 spell: Ozocubu's Armour
  1910 | D:2      | Noticed Crazy Yiuf
  1915 | D:2      | Killed Crazy Yiuf
  1915 | D:2      | Reached skill level 1 in Fighting
  1915 | D:2      | Reached skill level 1 in Armour
  1915 | D:2      | Reached XP level 4. HP: 17/32 MP: 0/8
  2091 | D:2      | Reached skill level 3 in Spellcasting
  2734 | D:2      | Found a sparkling altar of Nemelex Xobeh.
  2741 | D:2      | Became a worshipper of Nemelex Xobeh the Trickster
  3064 | D:2      | Received a gift from Nemelex Xobeh
  3139 | D:2      | Found a shattered altar of Ashenzari.
  3139 | D:2      | Found a white marble altar of Elyvilon.
  3180 | D:2      | Reached XP level 5. HP: 35/37 MP: 2/11
  3305 | D:2      | Learned a level 4 spell: Throw Icicle
  3695 | D:3      | Reached skill level 1 in Evocations
  4332 | D:3      | Received a gift from Nemelex Xobeh
  4522 | D:3      | Killed from afar by an orc wizard

Action                   |  1- 3 |  4- 6 || total
-------------------------+-------+-------++-------
Melee: Club              |     7 |       ||     7
       Mace              |    11 |    25 ||    36
Throw: Stone             |    40 |     8 ||    48
 Cast: Freeze            |    27 |    42 ||    69
       Throw Frost       |    27 |    51 ||    78
       Ozocubu's Armour  |     1 |       ||     1
Evoke: Deck              |       |     5 ||     5
  Use: Scroll            |     8 |     1 ||     9

Vault maps used:
D:1:      ldierk_water_garden, kennysheep_boxes
D:2:      amethyst_overflow_temple_binary, nemelex_deck, uniq_crazy_yiuf_cottage
D:3:      corexii_shack_village
